 Dungeon Crawl Stone Soup version 0.23-a0-394-g6ce9549 (webtiles) character file.

699 rgaf the Conjurer (level 7, -5/36 HPs)
             Began as a Gargoyle Air Elementalist on Oct 31, 2018.
             Was an Initiate of Vehumet.
             Slain by an orc warrior
             ... wielding a +0 long sword
              (9 damage)
             ... on level 5 of the Dungeon.
             The game lasted 00:09:44 (6327 turns).

rgaf the Conjurer (Gargoyle Air Elementalist)       Turns: 6327, Time: 00:09:44

Health: -5/36      AC:  7    Str: 11    XL:     7   Next: 65%
Magic:  8/12       EV: 12    Int: 21    God:    Vehumet [......]
Gold:   307        SH:  0    Dex: 10    Spells: 7/13 levels left

rFire    . . .     SeeInvis .   p - +9 dagger "Noepnic" {flame, rC+ Int+3}
rCold    + . .     Gourm    .   (no shield)
rNeg     + + .     Faith    .   a - +1 robe
rPois    ∞         Spirit   .   (no helmet)
rElec    +         Reflect  .   (no cloak)
rCorr    .         Harm     .   (no gloves)
MR       .....                  (no boots)
Stlth    ++........             (no amulet)
HPRegen  0.12/turn              k - ring of poison resistance
MPRegen  0.13/turn              f - ring of positive energy

@: no status effects
A: negative energy resistance 1, electricity resistance, unbreathing,
petrification resistance, rot immunity, AC +4
a: Renounce Religion


You were on level 5 of the Dungeon.
You worshipped Vehumet.
Vehumet was noncommittal.
You were not hungry.

You visited 2 branches of the dungeon, and saw 6 of its levels.

You collected 307 gold pieces.

Inventory:

Hand Weapons
 e - a +1 long sword
 p - the +9 dagger "Noepnic" (weapon) {flame, rC+ Int+3}
   (You found it on level 5 of the Dungeon)

   It has been specially enchanted to burn those struck by it, causing extra
   injury to most foes and up to half again as much damage against particularly
   susceptible opponents.
   It affects your intelligence (+3).
   It protects you from cold.
Armour
 a - a +1 robe (worn)
Jewellery
 f - a ring of positive energy (right hand)
 k - a ring of poison resistance (left hand)
Scrolls
 b - a scroll of enchant armour
 d - 5 scrolls of identify
 g - a scroll of immolation {unknown}
 i - 3 scrolls of remove curse
 j - a scroll of enchant weapon
 o - a scroll of blinking {unknown}
Potions
 h - 2 potions of might
 l - 2 potions of brilliance {unknown}
 m - a potion of lignification {unknown}
Comestibles
 c - 11 rations


   Skills:
 - Level 1.5 Dodging
 - Level 2.1 Stealth
 + Level 3.7 Spellcasting
 * Level 5.7 Conjurations
 * Level 4.9 Air Magic


You had 7 spell levels left.
You knew the following spells:

 Your Spells              Type           Power        Failure   Level  Hunger
a - Shock                 Conj/Air       ####         1%          1    None
b - Static Discharge      Conj/Air       ####....     4%          3    ###....
e - Swiftness             Chrm/Air       ##......     7%          2    ##.....

Your spell library contained the following spells:

 Spells                   Type           Power        Failure   Level  Hunger
 Airstrike                Air            ###.......   16%         4    ####...
 Lightning Bolt           Conj/Air       ####......   36%         5    ######.


Dungeon Overview and Level Annotations

Branches:
Dungeon (5/15)             Temple (1/1) D:4

Altars:
Ashenzari
Dithmenos
Elyvilon
Fedhas
Gozag
Hepliaklqana
Kikubaaqudgha
Okawaru
Qazlal
Ru
Sif Muna
Trog
Vehumet
Wu Jian
Xom
Yredelemnul
Zin


Innate Abilities, Weirdness & Mutations

You are resistant to torment.
Your stone body is resilient. (AC +4)
You are immune to poison.
You resist negative energy. (rN+)
You are resistant to electric shocks. (rElec)
You can survive without breathing.
You are immune to petrification.
You are immune to rotting.


Message History

Confirm with . or Enter, or press ? or * to list all spells.
Aiming: Shock (safe; 1% risk of failure)
Press: ? - help, Shift-Dir - straight line, f/p - orc warrior
Aim: an orc warrior, wielding a +0 long sword and wearing a +0 plate armour The zap hits the orc warrior.
The orc warrior is moderately wounded.
The orc warrior hits you but does no damage.
As you read the scroll labeled WODUON IMICIPPASU, it crumbles to dust.
It is a scroll of enchant armour.
Your +0 robe glows green for a moment.
The orc wizard shouts!
The orc warrior hits you with a +0 long sword!
* * * LOW HITPOINT WARNING * * *
The orc wizard casts a spell.
The orc wizard blinks!
As you read the scroll labeled ZOMOBRECKU, it crumbles to dust.
It is a scroll of enchant weapon.
Your +0 long sword glows red for a moment.
The orc warrior hits you with a +0 long sword!
You die...

########
#......###########
#
#.####...@o...oo.#
# #.#
###########.# #
#o# #.# #### #.#
#.######>.. #.#
#.o.....o.. #.#
########... #o#
#### #.# # #.# #


You could see an orc warrior and 2 orc wizards.

Vanquished Creatures
  An ogre (D:4)
  2 scorpions
  A water moccasin skeleton (D:5)
  2 crimson imps (D:5)
  A quasit (D:3)
  An orc priest (D:4)
  A hound (D:5)
  An orc wizard (D:4)
  5 worker ants
  4 adders
  3 oozes
  An adder skeleton (D:4)
  6 worms
  3 dart slugs
  4 leopard geckos
  8 orcs
  8 bats
  3 giant cockroaches
  6 goblins
  10 hobgoblins
  8 jackals (D:1)
  3 quokkas
  3 ball pythons
  4 frilled lizards
  3 kobolds
  A quokka skeleton (D:4)
  7 rats
100 creatures vanquished.

Notes
Turn   | Place    | Note
-------+----------+-------------------------------------------
     0 | D:1      | rgaf the Gargoyle Air Elementalist began the quest for the
                  | Orb.
     0 | D:1      | Reached XP level 1. HP: 10/10 MP: 3/3
   292 | D:1      | Reached XP level 2. HP: 15/15 MP: 1/5
   667 | D:1      | Reached skill level 2 in Conjurations
   685 | D:1      | Reached XP level 3. HP: 19/19 MP: 3/6
  1630 | D:2      | Found a blossoming altar of Fedhas.
  1694 | D:2      | Reached XP level 4. HP: 24/24 MP: 2/7
  1757 | D:2      | Found a sacrificial altar of Ru.
  1757 | D:2      | Found a radiant altar of Vehumet.
  1758 | D:2      | Found a blossoming altar of Fedhas.
  1883 | D:2      | Found an ancient bone altar of Kikubaaqudgha.
  1951 | D:2      | Reached skill level 3 in Conjurations
  2220 | D:2      | Found an opulent altar of Gozag.
  2221 | D:2      | Found a glowing silver altar of Zin.
  2310 | D:2      | Learned a level 2 spell: Swiftness
  2644 | D:3      | Learned a level 3 spell: Static Discharge
  2928 | D:3      | Reached XP level 5. HP: 18/28 MP: 1/8
  4300 | D:3      | Reached skill level 4 in Conjurations
  4300 | D:3      | Reached XP level 6. HP: 23/32 MP: 1/10
  4738 | D:4      | Found a deep blue altar of Sif Muna.
  4813 | D:4      | Reached XP level 7. HP: 36/36 MP: 4/12
  5012 | D:4      | Reached skill level 5 in Conjurations
  5088 | D:4      | Found a staircase to the Ecumenical Temple.
  5094 | Temple   | Entered the Ecumenical Temple
  5254 | D:2      | Became a worshipper of Vehumet
  5449 | D:4      | Found a stormy altar of Qazlal.
  5497 | D:5      | Entered Level 5 of the Dungeon
  5773 | D:5      | Got a crystal dagger
  5774 | D:5      | Identified the +9 dagger "Noepnic" {flame, rC+ Int+3} (You
                  | found it on level 5 of the Dungeon)
  6327 | D:5      | Slain by an orc warrior

Vault maps used:
D:1:      dpeg_arrival_pond
D:2:      grunt_temple_overflow_gold_and_silver, kiku_gazebo_garden_becter,
          grunt_temple_overflow_open, fedhas_altar_2
D:3:      minmay_wonky_spiral, first_ration
D:4:      nicolae_qazlal_eye_of_the_storm, lemuel_blue_sif_altar,
          minmay_temple_entry_hall, grunt_ministairs_12, serial_bayou_pond_d
D:5:      kennysheep_dice
Temple:   dpeg_three_leaves_temple

Skill      XL: |  1  2  3  4  5  6  7 |
---------------+----------------------+-----
Conjurations   | 2 3 4 5 |  5.7
Air Magic      | 3 4 |  4.9
Spellcasting   | 3 |  3.7
Dodging        | |  1.5
Stealth        | |  2.1

Action                   |  1- 3 |  4- 6 |  7- 9 || total
-------------------------+-------+-------+-------++-------
Melee: Unarmed           |    17 |    36 |       ||    53
       Dagger            |       |       |    10 ||    10
 Cast: Shock             |    82 |   145 |    61 ||   288
       Static Discharge  |       |     6 |       ||     6
  Use: Potion            |       |     3 |       ||     3
       Scroll            |       |     2 |     2 ||     4
  Eat: Chunk             |     4 |    10 |     1 ||    15
       Ration            |       |       |     1 ||     1
Armor: Robe              |    20 |    41 |     5 ||    66
Dodge: Dodged            |    31 |    85 |    13 ||   129
       Rpst.: Long sword |       |       |     1 ||     1

Table legend:
 A = Non-vault XP
 B = Vault XP
 C = Vault XP percentage of total XP
 D = Non-vault monster count
 E = Vault monster count
 F = Vault count percentage of total count
                 A         B        C        D         E       F
            +---------+---------+-------+---------+---------+-------
      Total |     942 |      57 |   5.7 |      94 |       6 |   6.0
            +---------+---------+-------+---------+---------+-------
        D:1 |      72 |       0 |   0.0 |      37 |       0 |   0.0
        D:2 |      62 |       0 |   0.0 |       9 |       0 |   0.0
        D:3 |     215 |       7 |   3.2 |      23 |       2 |   8.0
        D:4 |     311 |      15 |   4.6 |      16 |       2 |  11.1
        D:5 |     282 |      35 |  11.0 |       9 |       2 |  18.2
            +---------+---------+-------+---------+---------+-------
